 Dungeon Crawl Stone Soup version 0.27-a0-385-g3208abaabc (webtiles) character file.

Game seed: 9177298089373261213

904 ReteAZ the Skirmisher (level 8, -2/67 HPs)
             Began as a Gnoll Wanderer on Feb 18, 2021.
             Was a Follower of Okawaru.
             Slain by an orc warrior
             ... wielding a +0 scimitar
              (7 damage)
             ... on level 5 of the Dungeon.
             The game lasted 00:08:14 (7072 turns).

ReteAZ the Skirmisher (Gnoll Wanderer)              Turns: 7072, Time: 00:08:15

Health: -2/67      AC:  7    Str: 17      XL:     8   Next: 8%
Magic:  16/16      EV: 12    Int: 11      God:    Okawaru [*.....]
Gold:   126        SH:  4    Dex: 13 (15) Spells: 16/18 levels left

rFire    + . .     SeeInvis +   q - +4 short sword (vamp)
rCold    . . .     Faith    .   E - +0 buckler of the Five Prophets {rPois rF+ Str+6 Int-3 Dex+3}
rNeg     . . .     Spirit   .   u - +1 leather armour {Will+}
rPois    +         Reflect  .   r - +0 helmet
rElec    .         Harm     .   G - +0 cloak
rCorr    .         Rampage  .   i - +0 pair of gloves
Will     +....                  (no boots)
Stlth    ++........             (no amulet)
HPRegen  0.21/turn              (no ring)
MPRegen  0.15/turn              v - ring of see invisible

@: no status effects
A: distributed training, fangs 1, strong nose
a: Renounce Religion, Heroism


You were on level 5 of the Dungeon.
You worshipped Okawaru.
Okawaru was aware of your devotion.
You visited 2 branches of the dungeon, and saw 7 of its levels.

You collected 324 gold pieces.
You spent 198 gold pieces at shops.

Inventory:

Hand Weapons
 a - a +2 spear
 e - a +1 hand axe of flaming
 q - a +4 vampiric short sword (weapon)
 C - the +1 rapier of the Lair of Beasts {protect, rC+}
   (You found it on level 6 of the Dungeon)

   It grants its wielder temporary protection when it strikes (+7 to AC).
   It protects you from cold.
Armour
 d - a +0 robe
 h - a +0 ring mail
 i - a +0 pair of gloves (worn)
 r - a +0 helmet (worn)
 u - a +1 leather armour of willpower (worn)
 w - a +1 buckler of protection
 E - the +0 buckler of the Five Prophets (worn) {rPois rF+ Str+6 Int-3 Dex+3}
   (You found it on level 6 of the Dungeon)

   It affects your strength (+6).
   It affects your intelligence (-3).
   It affects your dexterity (+3).
   It protects you from fire.
   It protects you from poison.
 G - a +0 cloak (worn)
Jewellery
 v - a ring of see invisible (right hand)
 x - a ring of ice
Scrolls
 g - 2 scrolls of enchant armour {unknown}
 l - 2 scrolls of teleportation {unknown}
 n - a scroll of random uselessness {unknown}
 o - 2 scrolls of fog {unknown}
 p - a scroll of magic mapping {unknown}
 s - 5 scrolls of identify {unknown}
 y - a scroll of enchant weapon {unknown}
 B - a scroll of fear {unknown}
 F - a scroll of amnesia {unknown}
Potions
 b - 2 potions of curing
 c - a potion of attraction {unknown}
 f - 3 potions of haste {unknown}
 j - a potion of brilliance {unknown}
 k - a potion of heal wounds {unknown}
 m - a potion of mutation {unknown}
 t - 2 potions of might {unknown}
 z - a potion of degeneration {unknown}
 A - a potion of ambrosia {unknown}


   Skills:
 + Level 7.2 Fighting
 + Level 2.9 Short Blades
 + Level 2.9 Long Blades
 + Level 2.9 Axes
 + Level 2.9 Maces & Flails
 + Level 2.9 Polearms
 + Level 2.9 Staves
 + Level 2.9 Slings
 + Level 2.9 Bows
 + Level 2.9 Crossbows
 + Level 4.0 Throwing
 + Level 2.9 Armour
 + Level 2.9 Dodging
 + Level 2.9 Stealth
 + Level 2.9 Shields
 + Level 2.9 Unarmed Combat
 + Level 5.8 Spellcasting
 + Level 2.3 Conjurations
 + Level 2.3 Hexes
 + Level 3.2 Summonings
 + Level 2.3 Necromancy
 + Level 2.3 Translocations
 + Level 4.5 Transmutations
 + Level 2.3 Fire Magic
 + Level 2.3 Ice Magic
 + Level 2.3 Air Magic
 + Level 2.3 Earth Magic
 + Level 2.3 Poison Magic
 + Level 3.2 Invocations
 + Level 4.0 Evocations


You had 16 spell levels left.
You knew the following spells:

 Your Spells              Type           Power        Failure   Level
a - Wereblood             Tmut           13%          6%          2

Your spell library contained the following spells:

 Spells                   Type           Power        Failure   Level
 Passwall                 Tmut/Erth      8%           10%         2


Dungeon Overview and Level Annotations

Branches:
Dungeon (6/15)             Temple (1/1) D:4

Altars:
Ashenzari
Cheibriados
Dithmenos
Elyvilon
Fedhas
Hepliaklqana
Kikubaaqudgha
Makhleb
Nemelex Xobeh
Okawaru
Qazlal
Ru
Sif Muna
Trog
Uskayaw
Vehumet
Wu Jian
Xom
Yredelemnul
Zin
The Shining One

Shops:
D:4 !*=![


Innate Abilities, Weirdness & Mutations

Your experience applies equally to all skills.
You have very sharp teeth.
Your uncanny sense of smell can sniff out nearby items.


Message History

There is a stone staircase leading down here.
You barely miss the orc warrior. You completely miss the orc warrior.
The orc warrior hits you with a +0 scimitar!
There are monsters nearby!
The orc shouts!
Things that are here:
a +0 club; a +0 club
There is an escape hatch in the ceiling here.
A mysterious force pulls you upwards. The hatch slams shut behind you.
Aiming: Corrosive Bolt
Press: ? - help, Shift-Dir - straight line, f - orc warrior
Aim: an orc warrior, wielding a +0 scimitar and wearing a +0 plate armour (26% to evade)
The bolt of acid hits the orc warrior!
The orc warrior is splashed with acid.
The acid corrodes the orc warrior!
The orc warrior is heavily wounded.
The orc warrior hits you with a +0 scimitar!
You barely miss the orc warrior.
The orc warrior is heavily wounded.
The orc warrior hits you with a +0 scimitar!
* * * LOW HITPOINT WARNING * * *
You hit the orc warrior but do no damage.
You bite the orc warrior, but do no damage.
The orc warrior is heavily wounded.
The orc warrior hits you with a +0 scimitar!
* * * LOW HITPOINT WARNING * * *
You barely miss the orc warrior.
You bite the orc warrior, but do no damage.
The orc warrior is heavily wounded.
The orc warrior hits you but does no damage.
You puncture the orc warrior!
You bite the orc warrior, but do no damage.
The orc warrior is severely wounded.
Aiming: Corrosive Bolt
Press: ? - help, Shift-Dir - straight line, f/p - orc warrior
Aim: an orc warrior, wielding a +0 scimitar and wearing a +0 plate armour (severely wounded, covered in acid, 26% to evade)
The bolt of acid misses the orc warrior.
The now-empty wand crumbles to dust.
The orc warrior hits you with a +0 scimitar!
You die...

.#.# #.#############.#..#.# ####
.#.####.#.............#..#.#
........#.#####..........#.#
........#.#...#.#####.##.#.#
........#.#.#.#.# #...#.#.#
........#.#.#.#'####.#.#.#.#
........#.#..........#(....#
.......##.###.....####[..########
........#.#.....@o....<..........
#######.#.#.#########.......#####
# #.#'#'##......'...>...# ###
#.........#####.......# ..#
#.........# #.........#
#.#####.........# #.........#
#.#.............# #.........#
..#.#####'##'#'## ###########
###.##....##.#.#


You could see an orc warrior (corroded).

Vanquished Creatures
  2 ice beasts (D:5)
  2 bullfrogs
  2 bullfrog zombies
  A quasit (D:6)
  2 orc priests (D:5)
  3 hounds
  2 orc wizards (D:6)
  A killer bee zombie (D:6)
  A hound skeleton (D:6)
  Robin (D:3)
  6 adders
  4 gnolls (D:4)
  A shadow imp (D:5)
  A white imp (D:6)
  3 oozes
  2 worms (D:2)
  A dart slug (D:1)
  4 leopard geckos
  23 orcs
  5 bats
  2 giant cockroaches (D:1)
  14 goblins
  13 hobgoblins
  6 jackals
  5 kobolds
  A quokka (D:2)
  2 ball pythons
  2 frilled lizards
  A jackal skeleton (D:5)
  A quokka skeleton (D:5)
  5 rats
119 creatures vanquished.

Vanquished Creatures (others)
  2 plants (D:2)
2 creatures vanquished.

Grand Total: 121 creatures vanquished

Notes
Turn   | Place    | Note
-------+----------+-------------------------------------------
     0 | D:1      | ReteAZ the Gnoll Wanderer began the quest for the Orb.
     0 | D:1      | ReteAZ set off with the following items: a +2 spear, a
                  | potion of curing, a +0 robe; and the following spells
                  | available to memorise: Wereblood, Passwall
     0 | D:1      | Reached XP level 1. HP: 23/23 MP: 6/6
    50 | D:1      | Reached XP level 2. HP: 27/29 MP: 7/7
   215 | D:1      | Learned a level 2 spell: Wereblood
   307 | D:1      | Reached XP level 3. HP: 27/35 MP: 9/9
   311 | D:1      | Reached skill level 5 in Spellcasting
  1033 | D:2      | Reached skill level 1 in Invocations
  1233 | D:2      | Reached skill level 1 in Short Blades
  1233 | D:2      | Reached skill level 1 in Long Blades
  1233 | D:2      | Reached skill level 1 in Axes
  1233 | D:2      | Reached skill level 1 in Maces & Flails
  1233 | D:2      | Reached skill level 1 in Polearms
  1233 | D:2      | Reached skill level 1 in Staves
  1233 | D:2      | Reached skill level 1 in Slings
  1233 | D:2      | Reached skill level 1 in Bows
  1233 | D:2      | Reached skill level 1 in Crossbows
  1233 | D:2      | Reached skill level 1 in Armour
  1233 | D:2      | Reached skill level 1 in Dodging
  1233 | D:2      | Reached skill level 1 in Stealth
  1233 | D:2      | Reached skill level 1 in Shields
  1233 | D:2      | Reached skill level 1 in Unarmed Combat
  1522 | D:2      | Reached XP level 4. HP: 41/41 MP: 11/11
  1876 | D:2      | Noticed a bullfrog
  1900 | D:2      | Killed a bullfrog
  1901 | D:2      | Reached skill level 1 in Conjurations
  1901 | D:2      | Reached skill level 1 in Hexes
  1901 | D:2      | Reached skill level 1 in Necromancy
  1901 | D:2      | Reached skill level 1 in Translocations
  1901 | D:2      | Reached skill level 1 in Fire Magic
  1901 | D:2      | Reached skill level 1 in Ice Magic
  1901 | D:2      | Reached skill level 1 in Air Magic
  1901 | D:2      | Reached skill level 1 in Earth Magic
  1901 | D:2      | Reached skill level 1 in Poison Magic
  1901 | D:2      | Reached XP level 5. HP: 36/47 MP: 12/12
  2579 | D:3      | Noticed Robin
  2596 | D:3      | Killed Robin
  3252 | D:4      | Reached XP level 6. HP: 44/53 MP: 11/13
  3370 | D:4      | Found Muecluh's Jewellery Emporium.
  3398 | D:4      | Found Gatew's Armour Shoppe.
  3410 | D:4      | Bought a +1 buckler of protection for 198 gold pieces
  3566 | D:4      | Found a staircase to the Ecumenical Temple.
  3609 | D:4      | Found Newk's Distillery.
  3862 | D:4      | Found Inaen's Assorted Antiques.
  3892 | D:4      | Found Beawim's Distillery.
  4062 | Temple   | Entered the Ecumenical Temple
  4171 | Temple   | Became a worshipper of Warmaster Okawaru
  4234 | D:5      | Entered Level 5 of the Dungeon
  4257 | D:5      | Noticed an ice beast
  4272 | D:5      | Killed an ice beast
  4273 | D:5      | Reached XP level 7. HP: 59/59 MP: 15/15
  4309 | D:5      | Reached skill level 7 in Fighting
  5269 | D:6      | Got a pitted rapier
  5270 | D:6      | Identified the +1 rapier of the Lair of Beasts {protect,
                  | rC+} (You found it on level 6 of the Dungeon)
  5759 | D:6      | Reached * piety under Okawaru
  6079 | D:6      | Found a snail-covered altar of Cheibriados.
  6079 | D:6      | Found a blossoming altar of Fedhas.
  6079 | D:6      | Found an ancient bone altar of Kikubaaqudgha.
  6265 | D:6      | HP: 3/60 [orc warrior/+0 scimitar (20)]
  6587 | D:6      | Got a scorched buckler
  6598 | D:6      | Identified the +0 buckler of the Five Prophets {rPois rF+
                  | Str+6 Int-3 Dex+3} (You found it on level 6 of the Dungeon)
  6638 | D:6      | Reached XP level 8. HP: 63/67 MP: 16/16
  7072 | D:5      | Slain by an orc warrior

Illustrated notes

Levels and vault maps discovered:
D:1:      dpeg_arrival_windows_large_door, layout_rooms
D:2:      layout_basic, serial_bayou_pond_e, grunt_ministairs_12,
          chequers_serial_rivers_micro_e
D:3:      layout_basic, uniq_robin
D:4:      layout_loops_ring, minmay_temple_entry_crystal_x, serial_shops, shop,
          kennysheep_mini, shop, kennysheep_little_box, nicolae_shop_crystal
D:5:      layout_basic
D:6:      layout_cave_pods, gammafunk_temple_overflow_forgotten
Temple:   regret_index_temple_mists

Skill      XL: |  1  2  3  4  5  6  7  8 |
---------------+-------------------------+-----
Summonings     | 2 3 |  3.2
Spellcasting   | 5 |  5.8
Invocations    | 1 2 3 |  3.2
Short Blades   | 1 2 |  2.9
Long Blades    | 1 2 |  2.9
Axes           | 1 2 |  2.9
Maces & Flails | 1 2 |  2.9
Polearms       | 1 2 |  2.9
Staves         | 1 2 |  2.9
Slings         | 1 2 |  2.9
Bows           | 1 2 |  2.9
Crossbows      | 1 2 |  2.9
Armour         | 1 2 |  2.9
Dodging        | 1 2 |  2.9
Stealth        | 1 2 |  2.9
Shields        | 1 2 |  2.9
Unarmed Combat | 1 2 |  2.9
Conjurations   | 1 2 |  2.3
Hexes          | 1 2 |  2.3
Necromancy     | 1 2 |  2.3
Translocations | 1 2 |  2.3
Fire Magic     | 1 2 |  2.3
Ice Magic      | 1 2 |  2.3
Air Magic      | 1 2 |  2.3
Earth Magic    | 1 2 |  2.3
Poison Magic   | 1 2 |  2.3
Throwing       | 3 4 |  4.0
Evocations     | 3 4 |  4.0
Transmutations | 4 |  4.5
Fighting       | 7 |  7.2

Action                   |  1- 3 |  4- 6 |  7- 9 || total
-------------------------+-------+-------+-------++-------
Melee: Spear             |    18 |       |       ||    18
       Bite              |     3 |    10 |    12 ||    25
       Hand axe          |    48 |    62 |       ||   110
       Punch             |       |     1 |       ||     1
       Short sword       |       |   104 |   180 ||   284
 Cast: Wereblood         |       |     4 |     6 ||    10
Evoke: Wand              |       |       |     2 ||     2
 Stab: Sleeping          |     2 |       |     1 ||     3
Armor: Robe              |     4 |       |       ||     4
       Ring mail         |    17 |    33 |       ||    50
       Leather armour    |       |    28 |    80 ||   108
Dodge: Dodged            |    26 |    77 |   105 ||   208
Block: Buckler           |       |     9 |    47 ||    56

Table legend: (Time is in decaauts)
 A = Elapsed time spent in this place.
 B = Non-inter-level travel time spent in this place.
 C = Inter-level travel time spent in this place.
 D = Time resting spent in this place.
 E = Time spent auto-exploring this place.
 F = Levels seen in this place.
 G = Mean time per level.
                   A        B        C        D        E       F      G
               +--------+--------+--------+--------+--------+-----+--------+
         Total |   7144 |   6773 |    371 |    913 |   4831 |   7 | 1020.6 |
       Dungeon |   6976 |   6631 |    345 |    913 |   4712 |   6 | 1162.7 |
        Temple |    167 |    142 |     25 |      0 |    118 |   1 |  167.0 |
               +--------+--------+--------+--------+--------+-----+--------+

Top non-repeatable levels by time:
     D:5: 1843 daAuts
     D:2: 1841 daAuts
     D:6: 998 daAuts
     D:4: 897 daAuts
     D:3: 770 daAuts
     D:1: 626 daAuts
  Temple: 167 daAuts
